 Dungeon Crawl Stone Soup version 0.30.1-6-gbe392663c4 (webtiles) character file.

Game seed: 4154031779827817266

102 monsoonserge the Chopper (level 4, -12/41 HPs)
             Began as a Minotaur Berserker on Sept 22, 2023.
             Was a Priest of Trog.
             Blown up by Ijyb (19 damage)
             ... with a mindburst bolt
             ... on level 3 of the Dungeon.
             The game lasted 00:04:40 (1363 turns).

monsoonserge the Chopper (Minotaur Berserker)       Turns: 1363, Time: 00:04:41

Health: -12/41     AC:  9    Str: 23    XL:     4   Next: 50%
Magic:  3/3        EV: 10    Int:  4    God:    Trog [***...]
Gold:   122        SH:  0    Dex: 10    Spells: 3/3 levels left

rFire   . . .        i - +2 spear (freeze)
rCold   . . .        (no shield)
rNeg    . . .        k - +0 scale mail
rPois   .            (helmet restricted)
rElec   .            m - +0 cloak
rCorr   .            (no gloves)
SInv    .            p - +0 pair of boots
Will    .....        (no amulet) Stlth
                     (no ring)
HPRegen 0.26/turn    (no ring)
MPRegen 0.08/turn

%: no passive effects
@: no status effects
A: horns 2, retaliatory headbutt
a: Renounce Religion, Berserk, Trog's Hand


You were on level 3 of the Dungeon.
You worshipped Trog.
Trog was most pleased with you.
You visited 1 branch of the dungeon, and saw 3 of its levels.

You collected 122 gold pieces.

Inventory:

Hand Weapons
 i - a +2 spear of freezing (weapon)
Missiles
 c - 5 poisoned darts (quivered)
 n - 6 javelins
Armour
 b - a +0 animal skin
 k - a +0 scale mail (worn)
 m - a +0 cloak (worn)
 p - a +0 pair of boots (worn)
Scrolls
 a - 2 scrolls of magic mapping {unknown}
 e - a scroll of enchant weapon {unknown}
 g - a scroll of identify {unknown}
 j - a scroll of fear {unknown}
 l - 2 scrolls of vulnerability {unknown}
 o - a scroll of noise {unknown}
 r - a scroll of amnesia {unknown}
Potions
 d - a potion of attraction {unknown}
 f - a potion of berserk rage {unknown}
 h - 2 potions of might {unknown}
 q - a potion of magic {unknown}


   Skills:
 + Level 4.6 Fighting
 + Level 4.9(5.0) Axes
 + Level 1.4(3.4) Polearms
 + Level 2.8 Armour
 + Level 2.6 Dodging
 + Level 0.2 Stealth


You had 3 spell levels left.
You didn't know any spells.
Your spell library contained the following spells:

 Spells                   Type           Power      Damage    Failure   Level
 Foxfire                  Conj/Fire      0%         2x1d4     82%         1
 Frozen Ramparts          Ice            0%         1d1       99%         3
 Ice Form                 Ice/Tmut       0%         N/A       100%        4
 Summon Ice Beast         Ice/Summ       0%         N/A       100%        4
 Fireball                 Conj/Fire      0%         3d3       100%        5
 Plasma Beam              Fire/Air       0%         2x1d11    100%        6
 Starburst                Conj/Fire      0%         6d3       100%        6


Dungeon Overview and Level Annotations

Branches:
Dungeon (3/15)

Altars:
Dithmenos
Qazlal
Vehumet

Shops:
D:1 =

Annotations:
D:3 Ijyb


Innate Abilities, Weirdness & Mutations

You have a pair of horns on your head.
You reflexively headbutt those who attack you in melee.


Message History

Ijyb is lightly wounded.
Ijyb hits you with a +4 spectral club.
You hit Ijyb but do no damage.
Ijyb is lightly wounded.
Ijyb barely misses you.
You hit Ijyb. You freeze Ijyb.
Ijyb is moderately wounded.
Ijyb hits you but does no damage.
You hit Ijyb but do no damage.
Ijyb is moderately wounded.
Ijyb hits you with a +4 spectral club.
You barely miss Ijyb. Your headbutt misses Ijyb.
Ijyb is moderately wounded.
Ijyb hits you with a +4 spectral club.
You completely miss Ijyb.
Ijyb is moderately wounded.
Ijyb zaps a wand.
Your mind is blasted!
You are too injured to fight recklessly!
You hit Ijyb but do no damage.
Ijyb is moderately wounded.
Ijyb closely misses you.
You hit Ijyb but do no damage. Your headbutt misses Ijyb.
Ijyb is moderately wounded.
Ijyb hits you but does no damage.
You barely miss Ijyb.
Ijyb is moderately wounded.
Ijyb closely misses you.
You barely miss Ijyb. Your headbutt misses Ijyb.
Ijyb is moderately wounded.
Ijyb barely misses you.
You hit Ijyb but do no damage.
Ijyb is moderately wounded.
You barely miss Ijyb.
Ijyb is moderately wounded.
Ijyb zaps a wand.
Your mind is blasted!
* * * LOW HITPOINT WARNING * * *
You closely miss Ijyb.
Ijyb is moderately wounded.
Ijyb zaps a wand.
Your mind is blasted!
You die...

.........# .. ..........##
. .##...#....## ##
.#............###.
..###......<..##..
#.##..............
#.#..#.##..##.....
#g#.##.##.........
#@#.#..###.####.#. #...#.#
#.# #... ##.)..# #.# ##..
##########...### #.# #...
#........#.....# #.# #...
#...........##.# #.# #...
#........##.##.# #.####...
#...^....†.....# #.##.....
#........##....###.##....#


You could see Ijyb.

Vanquished Creatures
  A sleepcap (D:3)
  An adder (D:2)
  A dart slug (D:1)
  6 ball pythons (D:2)
  5 bats
  6 endoplasms
  4 giant cockroaches
  4 hobgoblins
  10 kobolds
  A quokka (D:2)
  3 frilled lizards
  11 goblins
  8 rats
61 creatures vanquished.

Notes
Turn   | Place    | Note
-------+----------+-------------------------------------------
     0 | D:1      | monsoonserge the Minotaur Berserker began the quest for the
                  | Orb.
     0 | D:1      | Reached XP level 1. HP: 19/19 MP: 0/0
   106 | D:1      | Found Humec's Jewellery Shop.
   133 | D:1      | Reached XP level 2. HP: 27/27 MP: 1/1
   563 | D:1      | Reached XP level 3. HP: 29/33 MP: 2/2
   585 | D:2      | Reached ** piety under Trog
   771 | D:2      | Found a radiant altar of Vehumet.
   993 | D:2      | Reached XP level 4. HP: 41/41 MP: 3/3
  1098 | D:3      | Reached skill level 1 in Polearms
  1103 | D:3      | Found a stormy altar of Qazlal.
  1198 | D:3      | Found a shadowy altar of Dithmenos.
  1319 | D:3      | Reached *** piety under Trog
  1346 | D:3      | Noticed Ijyb
  1363 | D:3      | Blown up by Ijyb

Illustrated notes

Levels and vault maps discovered:
D:1:      roderic_crop_circles_arrival_small, layout_rooms, serial_shops, shop
D:2:      layout_rooms, basic_altar, hangedman_abyss_or_decor_lesser_grid,
          lexackson_kobold_supper
D:3:      layout_rooms, kennysheep_okawaru_gauntlet,
          lemuel_coloured_pillars_altar, amcnicky_altar_gilded, uniq_ijyb

Skill      XL: |  1  2  3  4 |
---------------+-------------+-----
Axes           | 4 |  4.9
Fighting       | 4 |  4.6
Polearms       | 1 |  1.4
Armour         | |  2.8
Dodging        | |  2.6
Stealth        | |  0.2

Action                     |  1- 3 |  4- 6 || total
---------------------------+-------+-------++-------
  Melee: Hand axe          |    43 |       ||    43
         Headbutt          |    13 |     9 ||    22
         Spear             |    49 |    43 ||    92
   Stab: Sleeping          |     1 |       ||     1
 Armour: Animal skin       |     8 |       ||     8
         Scale mail        |     7 |    20 ||    27
  Dodge: Dodged            |    48 |    18 ||    66
